 Dungeon Sprint DCSS version 0.21.0 (webtiles) character file.

166 wojtek the Cleaver (level 5, -23/51 HPs)
             Began as a Minotaur Berserker on Jan 7, 2018.
             Was a High Priest of Trog.
             Annihilated by a flayed ghost (24 damage)
             ... in the Dungeon (Sprint VII: "The Pits").
             The game lasted 00:02:23 (669 turns).

wojtek the Cleaver (Minotaur Berserker)              Turns: 669, Time: 00:02:24

Health: -23/51     AC: 10    Str: 22    XL:     5   Next: 22%
Magic:  4/4        EV: 12    Int:  4    God:    Trog [*****.]
Gold:   0          SH:  0    Dex: 10    Spells: 4/4 levels left

rFire    . . .     SeeInvis .   a - +2 hand axe (freeze)
rCold    . . .     Gourm    .   (no shield)
rNeg     . . .     Faith    .   k - +3 scale mail
rPois    .         Spirit   .   (helmet restricted)
rElec    .         Reflect  .   (no cloak)
rCorr    .         Harm     .   (no gloves)
MR       .....     NoTele   +   (no boots)
Stlth    ..........             (no amulet)
HPRegen  0.17/turn              (no ring)
MPRegen  0.09/turn              (no ring)

@: flayed
A: retaliatory headbutt, horns 2
a: Berserk, Trog's Hand, Brothers in Arms, Burn Spellbooks, Renounce Religion


You were in the Dungeon.
You worshipped Trog.
Trog was extremely pleased with you.
You were hungry.

You visited 1 branch

Inventory:

Hand Weapons
 a - a +2 hand axe of freezing (weapon)
Armour
 k - a +3 scale mail (worn)
Scrolls
 i - a scroll of blinking
 m - 3 scrolls of remove curse
 n - a scroll of summoning
Potions
 d - 6 potions of curing
 e - 6 potions of heal wounds
 f - a potion of haste
 g - 4 potions of magic
 h - 3 potions of berserk rage
 l - 2 potions of invisibility
Comestibles
 c - 9 rations
 j - 6 chunks of flesh


   Skills:
 + Level 6.7 Fighting
 * Level 8.9 Axes
 * Level 6.1 Armour
 + Level 5.5 Dodging


You had 4 spell levels left.
You didn't know any spells.

Dungeon Overview and Level Annotations

Branches:
Dungeon (1/1)

Altars:
Ashenzari
Cheibriados
Dithmenos
Elyvilon
Fedhas
Gozag
Hepliaklqana
Kikubaaqudgha
Makhleb
Nemelex Xobeh
Okawaru
Qazlal
Ru
Sif Muna
Trog
Uskayaw
Vehumet
Wu Jian
Xom
Yredelemnul
Zin
The Shining One
Beogh
Jiyva
Lugonu


Innate Abilities, Weirdness & Mutations

You reflexively headbutt those who attack you in melee.
You have a pair of horns on your head.


Message History

The flayed ghost hits you.
You closely miss the flayed ghost. Your headbutt misses the flayed ghost.
The flayed ghost is heavily damaged.
The flayed ghost barely misses you.
You hit the flayed ghost. You freeze the flayed ghost.
Your headbutt misses the flayed ghost.
The flayed ghost is heavily damaged.
The flayed ghost hits you!
You slash the flayed ghost! You freeze the flayed ghost.
The flayed ghost is severely damaged.
The flayed ghost cries, "Feel what I felt!"
You completely miss the flayed ghost.
The flayed ghost is severely damaged.
The flayed ghost hits you!!
* * * LOW HITPOINT WARNING * * *
You slash the flayed ghost! You freeze the flayed ghost.
You headbutt the flayed ghost.
The flayed ghost is almost destroyed.
The flayed ghost hits you!!
You die...

#[#........##.......#
#'###########.......#
#.......# #########
#..#.#..# #.##.##.#
#.......#+#
#.##.##.#.+
#..#.#..#W#
#.......@.#
###########


You could see a flayed ghost.

Vanquished Creatures
  A hound (D)
  An iron imp (D)
  2 orc wizards (D)
  2 river rats (D)
  An ufetubus (D)
  An ooze (D)
  2 orcs (D)
  A bat skeleton (D)
  A giant cockroach (D)
  2 goblins (D)
  10 jackals (D)
  A quokka (D)
  2 ball pythons (D)
27 creatures vanquished.

Notes
Turn   | Place    | Note
-------+----------+-------------------------------------------
     0 | D        | wojtek the Minotaur Berserker began the quest for the Orb.
     0 | D        | Reached XP level 1. HP: 19/19 MP: 0/0
    32 | D        | Reached skill level 4 in Axes
    70 | D        | Reached ** piety under Trog
    71 | D        | Reached XP level 2. HP: 27/27 MP: 1/1
   132 | D        | Reached skill level 5 in Axes
   133 | D        | Reached *** piety under Trog
   141 | D        | Reached **** piety under Trog
   263 | D        | Reached XP level 3. HP: 33/35 MP: 2/2
   263 | D        | Reached skill level 6 in Axes
   264 | D        | Reached ***** piety under Trog
   264 | D        | Reached skill level 5 in Fighting
   360 | D        | Found a bloodstained altar of Trog.
   360 | D        | Found a deep blue altar of Sif Muna.
   360 | D        | Found a viscous altar of Jiyva.
   360 | D        | Found a hazy altar of Hepliaklqana.
   360 | D        | Found an opulent altar of Gozag.
   361 | D        | Found a glowing golden altar of the Shining One.
   361 | D        | Found a glowing silver altar of Zin.
   361 | D        | Found a basalt altar of Yredelemnul.
   361 | D        | Found a shimmering altar of Xom.
   361 | D        | Found an ornate altar of the Wu Jian Council.
   361 | D        | Found a sacrificial altar of Ru.
   361 | D        | Found a stormy altar of Qazlal.
   361 | D        | Found an iron altar of Okawaru.
   361 | D        | Found a sparkling altar of Nemelex Xobeh.
   361 | D        | Found a burning altar of Makhleb.
   361 | D        | Found a blossoming altar of Fedhas.
   361 | D        | Found a white marble altar of Elyvilon.
   361 | D        | Found a shadowy altar of Dithmenos.
   361 | D        | Found a snail-covered altar of Cheibriados.
   362 | D        | Found a radiant altar of Vehumet.
   362 | D        | Found a corrupted altar of Lugonu.
   362 | D        | Found a roughly hewn altar of Beogh.
   363 | D        | Found a hide-covered altar of Uskayaw.
   363 | D        | Found an ancient bone altar of Kikubaaqudgha.
   363 | D        | Found a shattered altar of Ashenzari.
   411 | D        | Reached skill level 7 in Axes
   411 | D        | Reached XP level 4. HP: 30/42 MP: 3/3
   417 | D        | Received a gift from Trog
   417 | D        | Reached skill level 5 in Armour
   429 | D        | Received a gift from Trog
   429 | D        | Reached skill level 8 in Axes
   429 | D        | Reached skill level 5 in Dodging
   438 | D        | Reached XP level 5. HP: 17/51 MP: 4/4
   655 | D        | Noticed a flayed ghost
   668 | D        | HP: 1/51 [flayed ghost (19)]
   669 | D        | Annihilated by a flayed ghost

Skill      XL: |  1  2  3  4 |
---------------+-------------+-----
Axes           | 4 5 7 8 |  8.9
Fighting       | 4 5 6 |  6.7
Armour         | 3 4 6 |  6.1
Dodging        | 3 4 5 |  5.5

Action                   |  1- 3 |  4- 6 || total
-------------------------+-------+-------++-------
Melee: Hand axe          |    34 |    43 ||    77
       Headbutt          |     7 |     8 ||    15
Invok: Berserk           |     1 |       ||     1
 Stab: Sleeping          |     1 |       ||     1
Armor: Animal skin       |     8 |       ||     8
       Scale mail        |     4 |    14 ||    18
Dodge: Dodged            |    27 |     6 ||    33
